AoeStats
← Nachin

Oasis

509768365Analyzed
2v2 RM · 5d ago on Sep 27, 2026· 48m 49s· 4 players
Game mode
Random Map
Map size
Medium (4 player)
Population
200
Speed
Normal
Resources
Standard
Victory
Conquest
Starting age
Dark Age
Ending age
Imperial Age
RankedLock teamsTeams togetherTeam positionsShared explorationLock speedFull tech treeHidden civsTurbo modeCheats
Victory
Defeat
🇺🇾 Magyars · Uruguay
1209
+16
🇺🇾 Varangians · Uruguay
1175
+18
🇨🇱 Spanish · Chile
1222
-17
🇨🇳 Franks · China
1215
-17
Nachin
6:45 Loom
6:59 Loom
10:16 Feudal Age
10:46 Horse Collar
10:52 Double-Bit Axe
13:51 Wheelbarrow
15:42 Town Watch
20:07 Castle Age
18:58 Scale Barding Armor
19:22 Scale Mail Armor
19:58 Bloodlines
21:03 Forging
21:20 Gambesons
21:27 Gambesons
21:44 Gold Mining
21:56 Heavy Plow
22:08 Bow Saw
24:14 Chain Barding Armor
25:51 Iron Casting
26:19 Padded Archer Armor
26:04 Elite Skirmisher
27:30 Fletching
30:12 Ballistics
30:42 Bodkin Arrow
31:52 Leather Archer Armor
32:11 Husbandry
35:55 Squires
41:27 Vendel Legacy
48:01 Imperial Age
48:07 Cavalier
49:24 Plate Barding Armor
TinFit
10:54 Feudal Age
12:05 Loom
14:37 Castle Age
15:52 Fletching
17:15 Scale Barding Armor
25:33 Chain Barding Armor
26:57 Double-Bit Axe
32:52 Bloodlines
35:11 Husbandry
38:10 Wheelbarrow
37:32 Horse Collar
37:43 Gold Mining
39:40 Bow Saw
39:42 Bodkin Arrow
39:59 Heavy Plow
40:06 Stone Mining
41:30 Gold Shaft Mining
44:45 Imperial Age
45:53 Cavalier
47:24 Conscription
48:39 Bracer
49:18 Plate Barding Armor
49:00 Padded Archer Armor
Bastrip
8:24 Loom
10:15 Feudal Age
12:30 Town Watch
16:42 Castle Age
15:15 Padded Archer Armor
15:08 Double-Bit Axe
18:04 Bloodlines
18:21 Town Watch
21:11 Fletching
28:59 Husbandry
29:28 Padded Archer Armor
31:10 Bow Saw
32:51 Gold Mining
37:12 Imperial Age
35:35 Scale Barding Armor
36:11 Forging
35:50 Horse Collar
36:52 Stone Mining
37:45 Wheelbarrow
37:14 Cavalier
38:59 Hand Cart
40:17 Chemistry
39:37 Heavy Plow
40:03 Conscription
40:46 Iron Casting
42:06 Devotion
42:34 Chain Barding Armor
43:14 Blast Furnace
42:57 Town Patrol
43:36 Hoardings
43:18 Masonry
45:41 Bodkin Arrow
46:22 Plate Barding Armor
48:24 Paladin
软脚虾
6:32 Loom
10:41 Feudal Age
11:20 Double-Bit Axe
15:14 Fletching
15:26 Fletching
17:20 Scale Barding Armor
23:33 Castle Age
23:35 Forging
28:58 Bow Saw
38:50 Imperial Age
38:13 Wheelbarrow
38:24 Pikeman
39:07 Scale Mail Armor
42:15 Chain Mail Armor
41:51 Town Watch
Connection lost

Rejoining the realm…

Still unreachable

The connection could not be restored.

Session expired

The server has moved on; the page needs a fresh start.